 Dungeon Crawl Stone Soup version 0.28.0-53-g5a82cb258f (webtiles) character file.

Game seed: 1572029837494264785

21 Revguard the Ducker (level 2, 0/22 HPs)
             Began as a Demonspawn Gladiator on July 1, 2022.
             Slain by a jackal (2 damage)
             ... on level 1 of the Dungeon.
             The game lasted 00:01:50 (1128 turns).

Revguard the Ducker (Demonspawn Gladiator)          Turns: 1128, Time: 00:01:51

Health: 0/22       AC:  3    Str: 14    XL:     2   Next: 65%
Magic:  2/2        EV: 12    Int:  9    God:
Gold:   9          SH:  0    Dex: 14    Spells: 1/1 levels left

rFire   . . .      SeeInvis .   a - +0 long sword
rCold   . . .      Faith    .   (no shield)
rNeg    . . .      Spirit   .   b - +0 leather armour
rPois   .          Reflect  .   (helmet restricted)
rElec   .          Harm     .   (no cloak)
rCorr   .          Rampage  .   (no gloves)
Will    .....                   (no boots)
Stlth   +.........              (no amulet)
HPRegen 0.07/turn               (no ring)
MPRegen 0.08/turn               (no ring)

@: mighty
A: antennae 1
a: no special abilities


You were on level 1 of the Dungeon.
You visited 1 branch of the dungeon, and saw 1 of its levels.

You collected 9 gold pieces.

Inventory:

Hand Weapons
 a - a +0 long sword (weapon)
 h - a +3 dagger
Missiles
 d - 3 throwing nets (quivered)
Armour
 b - a +0 leather armour (worn)
 c - a +0 helmet
Scrolls
 f - a scroll of noise {unknown}
 g - a scroll of silence {unknown}


   Skills:
 + Level 2.2 Fighting
 + Level 2.8 Long Blades
 - Level 1.7 Throwing
 + Level 0.7 Armour
 + Level 2.8 Dodging
 + Level 1.1 Invocations
 + Level 0.6 Evocations


You had one spell level left.
You didn't know any spells.
Your spell library contained the following spells:

 Spells                   Type           Power      Damage    Failure   Level
 Petrify                  Tmut/Erth      0%         N/A       99%         4
 Metabolic Englaciation   Hex/Ice        0%         N/A       100%        5
 Statue Form              Tmut/Erth      0%         N/A       100%        6


Dungeon Overview and Level Annotations

Branches:
Dungeon (1/15)

Altars:


Innate Abilities, Weirdness & Mutations

You have a pair of small antennae on your head.


Message History

The jackal bites you but does no damage. x3
You hit the jackal.
The jackal is moderately wounded.
The jackal barely misses you. The jackal misses you. The jackal bites you.
You barely miss the jackal.
The jackal is moderately wounded.
The jackal closely misses you. The jackal bites you. x2
You closely miss the jackal.
The jackal is moderately wounded.
The jackal closely misses you. x2; The jackal barely misses you.
The jackal bites you but does no damage.
You barely miss the jackal.
The jackal is moderately wounded.
The jackal closely misses you. The jackal barely misses you.
The jackal bites you. The jackal completely misses you.
The jackal barely misses you. The jackal bites you.
* * * LOW HITPOINT WARNING * * *
The jackal misses you. The jackal closely misses you.
There is a stone staircase leading down here.
It was a potion of might.
You feel very mighty all of a sudden.
You closely miss the jackal.
The jackal is moderately wounded.
The jackal completely misses you. The jackal bites you.
* * * LOW HITPOINT WARNING * * *
You barely miss the jackal. Your punch misses the jackal.
The jackal is moderately wounded.
The jackal misses you.
You slash the jackal!
You kill the jackal!
The jackal closely misses you.
You closely miss the jackal. The jackal misses you.
You barely miss the jackal. The jackal closely misses you. x2
You closely miss the jackal. The jackal barely misses you.
The jackal bites you but does no damage.
You barely miss the jackal.
The jackal bites you but does no damage.
The jackal bites you.
You die...

#.#####............#............
##.# #.#.##..#.##.#............
#..# #.#.#...#.##.#........##.#
..## #.#.#)#.#.##.########.#...
########.#.#.#.#.##.#.# #.####
.........#............# #.#
#.♣.♣#######.#.#.##.#.######.#
#.≈.P.....)....#.##.#......#.#
#.≈P≈######....#@##.######.#.#
#.≈≈♣.......#..#h##......#.#.#
#.♣...###......#.##.###..#.#.#
#.##..# #.#.#..............#.#
#.##..# #........####.######.###
#.##..###...###### #.#........#
#.##........# #.#.####.#.#
#.###.####..# #.#.# #.#.# #.#
#)#.....# #.#.# #.#.#


You could see a jackal.

Vanquished Creatures
  2 ball pythons (D:1)
  2 bats (D:1)
  An endoplasm (D:1)
  2 giant cockroaches (D:1)
  2 goblins (D:1)
  A hobgoblin (D:1)
  A jackal (D:1)
  A quokka (D:1)
  A frilled lizard (D:1)
  2 kobolds (D:1)
  5 rats (D:1)
20 creatures vanquished.

Notes
Turn   | Place    | Note
-------+----------+-------------------------------------------
     0 | D:1      | Revguard the Demonspawn Gladiator began the quest for the
                  | Orb.
     0 | D:1      | Reached XP level 1. HP: 16/16 MP: 1/1
   287 | D:1      | Gained mutation: You have a pair of small antennae on your
                  | head. [demonic ancestry]
   287 | D:1      | Reached XP level 2. HP: 14/22 MP: 2/2
  1013 | D:1      | Reached skill level 1 in Invocations
  1122 | D:1      | HP: 1/22 [jackal (3)]
  1128 | D:1      | Slain by a jackal

Illustrated notes

Levels and vault maps discovered:
D:1:      dpeg_arrival_pits, layout_basic, serial_bayou_pond_e

Skill      XL: |  1  2 |
---------------+-------+-----
Invocations    | 1 |  1.1
Fighting       | |  2.2
Long Blades    | |  2.8
Throwing       | |  1.7
Armour         | |  0.7
Dodging        | |  2.8
Evocations     | |  0.6

Action                   || total
-------------------------++-------
Melee: Long sword        ||    71
       Punch             ||     1
  Use: Potion            ||     1
Armor: Leather armour    ||    32
Dodge: Dodged            ||    78
